 Dungeon Crawl Stone Soup version 0.31-a0-1074-g0b22e4e0f1 (webtiles) character file.

Game seed: 10083367750177423324

245 Forgeling the Shooter (level 6, -1/46 HPs)
             Began as a Barachi Hunter on Dec 1, 2023.
             Was a Follower of Uskayaw.
             Slain by an orc priest
             ... wielding a +0 club
              (3 damage)
             ... on level 4 of the Dungeon.
             The game lasted 00:04:58 (3273 turns).

Forgeling the Shooter (Barachi Hunter)              Turns: 3273, Time: 00:04:58

Health: -1/46      AC:  4    Str: 11 (12) XL:     6   Next: 10%
Magic:  15/15      EV: 12    Int:  8 (10) God:    Uskayaw [*.....]
Gold:   128        SH:  0    Dex: 14 (17) Spells: 5/5 levels left

rFire   . . .        a - +0 shortbow
rCold   . . .        (shield currently unavailable)
rNeg    . . .        c - +0 leather armour
rPois   .            m - +0 helmet {SInv}
rElec   .            (no cloak)
rCorr   .            (no gloves)
SInv    +            (no boots)
Will    .....        (no amulet)
Stlth   +            h - ring of magical power
HPRegen 0.27/turn    (no ring)
MPRegen 0.14/turn

%: no passive effects
@: invisible, slow
A: amphibious, slowness 1, strong legs 1, +LOS
a: Hop, Renounce Religion, Stomp


You were on level 4 of the Dungeon.
You worshipped Uskayaw.
Uskayaw was noncommittal.
You visited 1 branch of the dungeon, and saw 4 of its levels.

You collected 128 gold pieces.

Inventory:

Hand Weapons
 a - a +0 shortbow (weapon)
Missiles
 e - 9 boomerangs
 t - 7 poisoned darts
 w - 4 javelins
Armour
 c - a +0 leather armour (worn)
 m - a +0 helmet of see invisible (worn)
Jewellery
 h - a ring of magical power (left hand)
Scrolls
 f - a scroll of revelation {unknown}
 g - a scroll of poison {unknown}
 i - a scroll of amnesia {unknown}
 k - a scroll of fear {unknown}
 l - 2 scrolls of fog {unknown}
 p - a scroll of enchant armour {unknown}
 S - a scroll of butterflies
 Y - a scroll of teleportation {@r3}
Potions
 o - a potion of lignification {unknown}
 q - a potion of curing {unknown}
 M - a potion of might
 R - 2 potions of resistance
 W - a potion of enlightenment


   Skills:
 - Level 2.4 Fighting
 + Level 7.2 Ranged Weapons
 - Level 2.1 Dodging
 - Level 0.8 Stealth


You had 5 spell levels left.
You didn't know any spells.
Your spell library contained the following spells:

 Spells                   Type           Power      Damage    Failure   Level
 Apportation              Tloc           0%         N/A       50%         1
 Necrotise                Necr           0%         1d4       50%         1
 Summon Small Mammal      Summ           0%         N/A       50%         1
 Cigotuvi's Dreadful Rot  Necr/Pois/Air  0%         N/A       65%         2
 Scorch                   Fire           0%         2d5       65%         2
 Ignite Poison            Fire/Tmut/Pois 0%         N/A       86%         3
 Swiftness                Air            0%         N/A       86%         3
 Vampiric Draining        Necr           0%         2d6       86%         3
 Flame Wave               Conj/Fire      0%         2d4       99%         4
 Sticky Flame             Conj/Fire      0%         2d3       99%         4
 Vhi's Electric Charge    Tloc/Air       0%         N/A       99%         4
 Agony                    Necr           0%         N/A       100%        5
 Summon Cactus Giant      Summ           0%         N/A       100%        6


Dungeon Overview and Level Annotations

Branches:
Dungeon (4/15)
 Temple: D:4-7

Altars:
Uskayaw

Shops:
D:1 [


Innate Abilities, Weirdness & Mutations

You are amphibious.
You cover ground slowly.
You can hop short distances.
You have an extended range of vision and can be seen from far away.


Message History

Fire: a) +0 shortbow
Press: ? - help, Q - select action, (/) - cycle Shift-Dir - straight line, f/p - orc priest
Aim: an orc priest, wielding a +0 club and wearing a +0 ring mail (moderately wounded, 66% to hit)
You shoot an arrow. The arrow barely misses the orc priest.
Fire: a) +0 shortbow
Press: ? - help, Q - select action, (/) - cycle Shift-Dir - straight line, f/p - orc priest
Aim: an orc priest, wielding a +0 club and wearing a +0 ring mail (moderately wounded, 66% to hit)
You shoot an arrow.
The arrow closely misses the orc priest.
Fire: a) +0 shortbow
Press: ? - help, Q - select action, (/) - cycle Shift-Dir - straight line, f/p - orc priest
Aim: an orc priest, wielding a +0 club and wearing a +0 ring mail (moderately wounded, 66% to hit)
You shoot an arrow.
The arrow closely misses the orc priest.
The orc priest hits you with a +0 club.
* * * LOW HITPOINT WARNING * * *
Fire: a) +0 shortbow
Press: ? - help, Q - select action, (/) - cycle Shift-Dir - straight line, f/p - orc priest
Aim: an orc priest, wielding a +0 club and wearing a +0 ring mail (moderately wounded, 66% to hit)
You shoot an arrow.
The arrow closely misses the orc priest.
The orc priest invokes the aid of Beogh against you.
You barely resist.
Fire: a) +0 shortbow
Press: ? - help, Q - select action, (/) - cycle Shift-Dir - straight line, f/p - orc priest
Aim: an orc priest, wielding a +0 club and wearing a +0 ring mail (moderately wounded, 66% to hit)
You shoot an arrow. The orc priest is moderately wounded.
The orc priest calls down the wrath of Beogh upon you.
Beogh smites you!
* * * LOW HITPOINT WARNING * * *
Fire: a) +0 shortbow
Press: ? - help, Q - select action, (/) - cycle Shift-Dir - straight line, f/p - orc priest
Aim: an orc priest, wielding a +0 club and wearing a +0 ring mail (moderately wounded, 66% to hit)
You shoot an arrow. The arrow hits the orc priest.
The orc priest is heavily wounded.
It was a potion of invisibility.
You fade into invisibility!
The orc priest hits you with a +0 club.
You die...

### #######.. #<......#
##############
#####.............
#...........######
#######.#......#.##
#....##@#........#
#....'.o#..#.#.### ######
##..(.#.....#.#... #....#
#.....#.###.#.......
#.##.###.#####.###.#..#....
.#.##.....#
#....#.#........
...########
#.###..........# ...).###
####.# ....####
..##...####....#.........


You could see an orc priest (unable to see you).

Vanquished Creatures
  An orc priest (D:3)
  A hound (D:3)
  An iguana (D:4)
  Robin (D:2)
  3 adders (D:2)
  3 gnolls (D:2)
  A worm (D:2)
  A dart slug (D:4)
  6 orcs
  11 ball pythons
  3 endoplasms
  A giant cockroach (D:1)
  10 hobgoblins
  8 kobolds
  3 quokkas
  3 bats
  3 frilled lizards
  16 goblins
  4 rats
80 creatures vanquished.

Notes
Turn   | Place    | Note
-------+----------+-------------------------------------------
     0 | D:1      | Forgeling the Barachi Hunter began the quest for the Orb.
     0 | D:1      | Reached XP level 1. HP: 17/17 MP: 1/1
   235 | D:1      | Reached XP level 2. HP: 23/23 MP: 2/2
   235 | D:1      | Found Tierinlu's Armour Emporium.
   851 | D:2      | Reached XP level 3. HP: 25/28 MP: 3/3
   879 | D:2      | Reached skill level 5 in Ranged Weapons
   938 | D:2      | Found a hide-covered altar of Uskayaw.
  1006 | D:2      | Became a worshipper of Uskayaw the Reveller
  1083 | D:2      | Reached * piety under Uskayaw
  1239 | D:2      | Reached ** piety under Uskayaw
  1356 | D:2      | Reached XP level 4. HP: 26/34 MP: 4/4
  1402 | D:2      | Noticed Robin
  1407 | D:2      | Killed Robin
  1410 | D:2      | Reached *** piety under Uskayaw
  1422 | D:2      | Reached **** piety under Uskayaw
  1660 | D:2      | Reached skill level 6 in Ranged Weapons
  1681 | D:2      | Reached XP level 5. HP: 26/39 MP: 5/5
  2183 | D:3      | Got Zeakejole's Anthology of Phlogiston and Fog
  2645 | D:3      | Found a faded altar of an unknown god.
  3045 | D:4      | Reached skill level 7 in Ranged Weapons
  3065 | D:4      | Reached XP level 6. HP: 4/46 MP: 6/6
  3271 | D:4      | HP: 1/46 [orc priest/divine providence (16)]
  3273 | D:4      | Slain by an orc priest

Illustrated notes

Levels and vault maps discovered:
D:1:      psy_arrival_basics, layout_basic, serial_shops, shop
D:2:      layout_basic, basic_altar, uniq_robin
D:3:      layout_loops_ring, dreamdust_ecumenical_altar_hidden_monk_grotto
D:4:      layout_basic, gammafunk_temple_overflow_claw, corexii_corridor_pit

Skill      XL: |  1  2  3  4  5 |
---------------+----------------+-----
Ranged Weapons | 5 6 7 |  7.2
Fighting       | |  2.4
Dodging        | |  2.1
Stealth        | |  0.8

Action                     |  1- 3 |  4- 6 || total
---------------------------+-------+-------++-------
   Fire: Shortbow          |   135 |   192 ||   327
Ability: Hop               |       |     3 ||     3
    Use: Potion            |       |     4 ||     4
         Scroll            |       |     3 ||     3
 Armour: Leather armour    |    26 |    57 ||    83
  Dodge: Dodged            |    58 |    42 ||   100

Table legend: (Time is in decaauts)
 A = Elapsed time spent in this place.
 B = Non-inter-level travel time spent in this place.
 C = Inter-level travel time spent in this place.
 D = Time resting spent in this place.
 E = Time spent auto-exploring this place.
 F = Levels seen in this place.
 G = Mean time per level.
                   A        B        C        D        E       F      G
               +--------+--------+--------+--------+--------+-----+--------+
         Total |   3766 |   3644 |    122 |      0 |   3071 |   4 |  941.5 |
       Dungeon |   3766 |   3644 |    122 |      0 |   3071 |   4 |  941.5 |
               +--------+--------+--------+--------+--------+-----+--------+

Top non-repeatable levels by time:
     D:2: 1399 daAuts
     D:3: 1017 daAuts
     D:1: 994 daAuts
     D:4: 355 daAuts
